Map: 망각행 고속열차

Players

테라진

  • Race: Protoss Protoss
  • Spawn Location: 12:00

TheOutsider

  • Race: Terran Terran
  • Spawn Location: 0:00

VOD

Have the link to the VOD?

Description

Time

  • Played on: Aug. 17, 2017, 7:04 a.m.
  • Length: 23:39
Show
View Real Time Build Order
Export as new Build Order

테라진 Protoss 

Build Orders:  

Get SALT Encoding   

  12  0:03  Probe (Chrono Boost)  
  13  0:17  Probe (Chrono Boost)  
  14  0:28  Pylon  
  14  0:31  Probe (Chrono Boost)  
  15  0:53  Probe (Chrono Boost)  
  16  1:06  Probe (Chrono Boost)  
  17  1:20  Probe (Chrono Boost)  
  17  1:24  Pylon  
  18  1:34  Probe (Chrono Boost)  
  19  1:48  Probe (Chrono Boost)  
  20  1:54  Nexus  
  20  2:02  Probe (Chrono Boost)  
  20  2:05  Assimilator  
  21  2:16  Probe (Chrono Boost)  
  22  2:21  Assimilator  
  22  2:30  Gateway, Probe (Chrono Boost)  
  23  2:44  Probe (Chrono Boost)  
  24  2:55  Pylon  
  24  2:57  Probe (Chrono Boost)  
  25  3:11  Probe (Chrono Boost)  
  25  3:18  Pylon  
  26  3:25  Probe (Chrono Boost)  
  27  3:39  Probe (Chrono Boost)  
  27  3:41  Cybernetics Core  
  27  3:48  Probe (Chrono Boost)  
  29  3:53  Probe (Chrono Boost)  
  30  4:02  Probe (Chrono Boost)  
  30  4:07  Probe (Chrono Boost)  
  32  4:13  Assimilator  
  32  4:15  Assimilator  
  32  4:16  Probe (Chrono Boost)  
  33  4:21  Probe (Chrono Boost)  
  34  4:30  Probe (Chrono Boost)  
  34  4:35  Probe (Chrono Boost)  
  36  4:43  Probe (Chrono Boost)  
  36  4:48  Probe (Chrono Boost)  
  36  4:49  Warp Gate  
  38  4:57  Probe (Chrono Boost), Death Council  
  38  4:59  Gateway  
  39  5:01  Pylon  
  39  5:03  Probe (Chrono Boost)  
  40  5:11  Probe (Chrono Boost)  
  40  5:17  Probe (Chrono Boost)  
  42  5:30  Probe (Chrono Boost)  
  43  5:44  Probe (Chrono Boost)  
  43  5:47  Probe (Chrono Boost)  
  45  5:55  Ascendant Archives, Forge  
  45  5:58  Probe (Chrono Boost)  
  45  5:59  Pylon  
  46  6:01  Probe (Chrono Boost)  
  47  6:15  Probe (Chrono Boost)  
  47  6:17  Gateway  
  47  6:19  Gateway  
  48  6:20  Gateway  
  48  6:24  Gateway  
  48  6:34  Gateway  
  48  6:40  Power Overwhelming  
  48  6:46  Imposing Presence (Chrono Boost)  
  48  6:47  Gateway  
  48  7:27  Pylon  
  48  7:45  Pylon  
  48  7:48  Pylon  
  48  7:57  Mind Blast  
  48  7:58  Pylon  
  48  8:03  Pylon  
  48  8:09  Protoss Shields Level 1 (Chrono Boost)  
  48  8:10  Cloaking Module  
  48  8:14  Pylon  
  48  8:46  Chaotic Attunement  
  48  8:49  Pylon  
  48  9:10  Detect Weakness  
  48  9:16  Photon Cannon  
  48  9:18  Photon Cannon x2  
  48  9:22  Photon Cannon x2  
  48  9:25  Photon Cannon x2  
  48  9:26  Photon Cannon  
  48  9:55  Pylon  
  48  9:56  Ascendant  
  48  9:57  Ascendant x3  
  48  9:59  Supplicant x4, Pylon  
  64  10:00  Supplicant x4  
  72  10:21  Ascendant  
  72  10:22  Ascendant x3  
  78  10:39  Ascendant  
  74  10:40  Bloodshard Resonance  
  74  10:42  Havoc  
  74  10:44  Ascendant  
  74  10:45  Ascendant  
  79  10:59  Supplicant x2  
  83  11:08  Supplicant x2  
  83  11:09  Supplicant x4  
  95  11:15  Ascendant  
  95  11:30  Ascendant  
  95  11:32  Supplicant x8  
  95  11:33  Supplicant x4  
  107  12:02  Ascendant x2  
  111  12:12  Supplicant x6  
  111  12:13  Supplicant x2  
  111  12:16  Mothership  
  127  12:24  Ascendant  
  127  12:28  Supplicant x2  
  133  12:31  Supplicant x2  
  137  12:40  Ascendant  
  123  13:02  Ascendant  
  123  13:04  Supplicant x4  
  117  13:47  Supplicant x4  
  117  13:48  Ascendant  
  117  13:49  Ascendant  
  125  13:58  Havoc  
  126  14:03  Supplicant x2  
  126  14:04  Supplicant x4  
  138  14:11  Havoc  
  139  14:20  Havoc  
  136  14:54  Supplicant x2  
  136  14:55  Supplicant x2  
  108  15:35  Supplicant x2  
  108  15:37  Supplicant x6  
  108  15:38  Supplicant x4  
  108  15:39  Supplicant x4  
  140  15:46  Blood Shields  
  132  16:15  Supplicant x4  
  132  16:16  Supplicant x2  
  132  16:32  Supplicant x4  
  140  16:46  Soul Augmentation  
  140  16:59  Protoss Shields Level 2  
  138  17:15  Pylon  
  98  18:08  Supplicant x2  
  98  18:09  Supplicant x8  
  114  18:10  Supplicant x4  
  116  18:48  Supplicant x6  
  116  18:49  Supplicant x8  
  132  18:50  Supplicant x2  
  136  19:17  Supplicant x2  
  136  19:18  Supplicant x6  
  118  19:56  Supplicant x8  
  118  19:57  Supplicant x6  
  118  19:58  Supplicant x2  
  144  20:26  Supplicant x6  
  134  21:04  Mothership  
  125  21:17  Supplicant x2  
  125  21:18  Supplicant x4  
  126  21:20  Supplicant x4  
  126  21:21  Supplicant x6  
  138  21:44  Supplicant x6  
  138  21:45  Supplicant x2  
  138  21:49  Havoc x2  
  132  22:15  Supplicant x6  
  132  22:16  Supplicant x4  
  132  22:18  Supplicant x2  
  138  22:48  Pylon  
Show
View Real Time Build Order
Export as new Build Order

TheOutsider Terran 

Build Orders:  

Get SALT Encoding   

  12  2:36  Supply Depot  
  12  3:36  Supply Depot  
  12  22:29  Supply Depot  
Tags
 
Add a new tag
Caveats
  • Supply blocks, unpowered buildings, or Contaminate may cause inaccurate times.
  • Supply counts are checked every 10 seconds.